 Dungeon Crawl Stone Soup version 0.26.0-45-g9c1d065592 (webtiles) character file.

Game seed: 7676529818066063990

444 kaeus the Stinger (level 7, -1/45 HPs)
             Began as an Octopode Venom Mage on Jan 30, 2021.
             Was an Initiate of Gozag.
             Slain by Pikel
             ... wielding a +2 whip of flaming
              (9 damage)
             ... on level 4 of the Dungeon.
             The game lasted 00:05:10 (4772 turns).

kaeus the Stinger (Octopode Venom Mage)             Turns: 4772, Time: 00:05:10

Health: -1/45      AC:  1    Str:  4 (7)  XL:     7   Next: 3%
Magic:  6/12       EV: 13    Int: 18 (19) God:    Gozag
Gold:   153        SH:  0    Dex: 10 (13) Spells: 6/13 levels left

rFire    . . .     SeeInvis .   b - +1 dagger (protect)
rCold    . . .     Faith    .   (no shield)
rNeg     . . .     Spirit   .   (helmet restricted)
rPois    .         Reflect  .   (no amulet)
rElec    .         Harm     .   (no ring)
rCorr    .         Rampage  .   (no ring)
Will     .....                  (no ring)
Stlth    ++++......             (no ring)
HPRegen  0.15/turn              (no ring)
MPRegen  0.13/turn              (no ring)
                                (no ring)
                                (no ring)

@: no status effects
A: almost no armour, stealthy swim, amphibious, 8 rings, constrict 8, camouflage
1, gelatinous body 1
a: Renounce Religion, Potion Petition, Call Merchant, Bribe Branch


You were on level 4 of the Dungeon.
You worshipped Gozag.
Gozag was aware of your devotion.
You visited 2 branches of the dungeon, and saw 5 of its levels.

You collected 213 gold pieces.
You paid 60 gold pieces to Gozag.

Inventory:

Hand Weapons
 b - a +1 dagger of protection (weapon)
 f - a +2 vampiric dagger
Jewellery
 k - an uncursed ring of willpower {unknown}
 l - an uncursed amulet of magic regeneration {unknown}
Scrolls
 a - 8 scrolls of identify
 d - a scroll of fear
 e - 2 scrolls of remove curse
 g - a scroll of blinking {unknown}
 h - 3 scrolls of random uselessness {unknown}
 i - 3 scrolls of teleportation


   Skills:
 - Level 2.0 Fighting
 - Level 2.0 Dodging
 - Level 5.0 Stealth
 + Level 3.7 Spellcasting
 + Level 3.8 Transmutations
 - Level 5.0 Poison Magic


You had 6 spell levels left.
You knew the following spells:

 Your Spells              Type           Power        Failure   Level
a - Sting                 Tmut/Pois      76%          2%          1
b - Ignite Poison         Fire/Tmut/Pois 13%          14%         3
c - Mephitic Cloud        Conj/Pois/Air  9%           22%         3

Your spell library contained the following spells:

 Spells                   Type           Power        Failure   Level
 Poisonous Vapours        Pois/Air       24%          9%          2
 Olgreb's Toxic Radiance  Pois           21%          19%         4


Dungeon Overview and Level Annotations

Branches:
Dungeon (4/15)             Temple (1/1) D:4

Altars:
Gozag
Okawaru
Qazlal
Yredelemnul
Zin

Shops:
D:4 *

Annotations:
D:3 Robin
D:4 Pikel


Innate Abilities, Weirdness & Mutations

You cannot wear most types of armour.
You are very stealthy in the water. (Stealth+)
You are amphibious.
You can wear up to eight rings at the same time.
You can use your tentacles to constrict eight enemies at once.
Your skin changes colour to match your surroundings (Stealth+).
Your rubbery body absorbs attacks. (AC +1, EV +1)


Message History

You hear a howl!
You hear a shout!
Pikel is engulfed in noxious fumes.
The lemure hits you! The gnoll hits you.
The gnoll hits you from afar with a +0 halberd.
You take 17 damage, and have 16/45 hp.
MASSIVE DAMAGE!!
You now have 9/12 mp.
Casting: Mephitic Cloud (quite dangerous; 22% risk of failure)
Confirm with . or Enter, or press ? or * to list all spells.
You ignite the poison in your surroundings!
Pikel hits you with a +2 whip of flaming.
* * * LOW HITPOINT WARNING * * *
Pikel burns you.
* * * LOW HITPOINT WARNING * * *
The lemure hits you.
* * * LOW HITPOINT WARNING * * *
The gnoll barely misses you.
You take 8 damage, and have 8/45 hp.
You now have 6/12 mp.
The gnoll barely misses you.
Pikel cracks his whip.
Pikel hits you with a +2 whip of flaming!
You die...
Your body crumbles into a pile of gold.

.######...#..##....##..#.# #.
..........#..##....##..#.#######.
....###.###..##.....#............
....##.......#..#...#[##.##.####.
....##..........#...#.......# #.
...............###.......##.####.
...............).......#.........
......#+##...#..5..#...#....####.
....###. #.###..@..###.[[#######.
#...# #. #...#.Kg..#.............
#...#
#.###...gā—‹.......##########
#...# #...##..ā—‹###....)#
.######.....5...#......#
..............#..##..#
.^....).....#...###..#
..................#..#
......######......#..#


You could see Pikel, 2 lemures and 2 gnolls.

Vanquished Creatures
  Duvessa (D:4)
  2 lemures
  Dowan (D:4)
  A howler monkey (D:2)
  A hound (Temple)
  A centaur skeleton (D:4)
  An iguana (Temple)
  Terence (D:2)
  3 gnolls
  3 adders
  4 worms
  2 dart slugs
  2 leopard geckos (D:1)
  4 orcs (D:4)
  8 giant cockroaches
  7 goblins
  2 hobgoblins (D:3)
  7 jackals (D:2)
  A quokka (D:2)
  3 ball pythons
  7 bats
  4 frilled lizards
  3 kobolds
  A leopard gecko skeleton (D:4)
  7 rats
77 creatures vanquished.

Vanquished Creatures (others)
  A withered plant (D:2)
1 creature vanquished.

Grand Total: 78 creatures vanquished

Notes
Turn   | Place    | Note
-------+----------+-------------------------------------------
     0 | D:1      | kaeus the Octopode Venom Mage began the quest for the Orb.
     0 | D:1      | Reached XP level 1. HP: 11/11 MP: 3/3
   131 | D:1      | Reached XP level 2. HP: 18/18 MP: 5/5
   423 | D:1      | Reached XP level 3. HP: 9/22 MP: 1/6
   632 | D:1      | Reached skill level 1 in Fighting
  1206 | D:2      | Reached XP level 4. HP: 20/28 MP: 7/7
  1556 | D:2      | Learned a level 3 spell: Ignite Poison
  1560 | D:2      | Learned a level 3 spell: Mephitic Cloud
  1569 | D:2      | Noticed Terence
  1578 | D:2      | Killed Terence
  1845 | D:2      | Found a faded altar of an unknown god.
  2139 | D:2      | Found a basalt altar of Yredelemnul.
  2239 | D:2      | Reached XP level 5. HP: 34/34 MP: 5/9
  2574 | D:3      | Noticed Robin
  2717 | D:4      | Noticed Dowan
  2721 | D:4      | Noticed Duvessa
  2734 | D:4      | Killed Duvessa
  2735 | D:4      | Reached XP level 6. HP: 12/39 MP: 2/10
  2756 | D:4      | Killed Dowan
  2757 | D:4      | Reached skill level 5 in Poison Magic
  3086 | D:4      | Found a staircase to the Ecumenical Temple.
  3132 | Temple   | Entered the Ecumenical Temple
  3139 | Temple   | Became a worshipper of Gozag Ym Sagoz the Greedy
  3175 | D:4      | Found Gozag's Platinum Reserve.
  3175 | D:4      | Found an opulent altar of Gozag.
  3274 | D:4      | Reached skill level 5 in Stealth
  4490 | D:4      | Noticed Pikel
  4518 | Temple   | Reached XP level 7. HP: 7/45 MP: 6/12
  4772 | D:4      | Slain by Pikel

Illustrated notes

Levels and vault maps discovered:
D:1:      roderic_crossed_star, layout_basic, supply_closet_lemuel,
          bh_walls_and_bars
D:2:      layout_loops_cross, chequers_ecumenical_altar_simple_redux,
          yredelemnul_altar_generic, uniq_terence
D:3:      layout_basic, roderic_batcave, uniq_robin, uniq_grinder
D:4:      layout_basic, minmay_temple_entry_tees, serial_shops,
          nicolae_shop_trees, kennysheep_mini_moat, st_stairs_9,
          nicolae_gozag_zags_fifth_avenue, uniq_duvessa, uniq_pikel
Temple:   compressed_dpeg_triangle_lava_temple

Skill      XL: |  1  2  3  4  5  6 |
---------------+-------------------+-----
Stealth        | 3 4 5 |  5.0
Fighting       | 1 2 |  2.0
Poison Magic   | 4 5 |  5.0
Transmutations | 2 3 |  3.8
Spellcasting   | 3 |  3.7
Dodging        | |  2.0

Action                   |  1- 3 |  4- 6 |  7- 9 || total
-------------------------+-------+-------+-------++-------
Melee: Unarmed           |     4 |       |       ||     4
       Spear             |     8 |       |       ||     8
       Constrict         |    13 |    25 |       ||    38
       Tentacles         |     9 |    26 |       ||    35
       Dagger            |    47 |   100 |       ||   147
 Cast: Sting             |    24 |    54 |       ||    78
       Ignite Poison     |       |     2 |     1 ||     3
       Mephitic Cloud    |       |     4 |     1 ||     5
  Use: Scroll            |     5 |       |       ||     5
       Potion            |       |     2 |       ||     2
 Stab: Sleeping          |       |     1 |       ||     1
       Confused          |       |     1 |       ||     1
Armor: Skin              |     8 |    18 |       ||    26
Dodge: Dodged            |    39 |    96 |     3 ||   138
